 Dungeon Crawl Stone Soup version 0.22-a0-284-g99d1f74 (webtiles) character file.

67 Kairos the Charmwright (level 4, -10/38 HPs)
             Began as a Gnoll Skald on Mar 22, 2018.
             Mangled by grom234's ghost (11 damage)
             ... on level 3 of the Dungeon.
             The game lasted 00:04:33 (1663 turns).

Kairos the Charmwright (Gnoll Skald)                Turns: 1663, Time: 00:04:34

Health: -10/38     AC:  6    Str: 14    XL:     4   Next: 18%
Magic:  8/11       EV: 13    Int: 15    God:
Gold:   136        SH:  0    Dex: 15    Spells: 12/13 levels left

rFire    . . .     SeeInvis .   a - +0 mace
rCold    . . .     Gourm    .   (no shield)
rNeg     . . .     Faith    .   l - +0 ring mail
rPois    .         Spirit   .   j - +0 helmet
rElec    .         Reflect  .   (no cloak)
rCorr    .         Harm     .   (no gloves)
MR       .....                  (no boots)
Stlth    +.........             (no amulet)
HPRegen  0.12/turn              (no ring)
MPRegen  0.12/turn              (no ring)

@: infused
A: distributed training, fangs 1, strong nose
a: no special abilities


You were on level 3 of the Dungeon.
You were not hungry.

You visited 1 branch of the dungeon, and saw 3 of its levels.

You collected 136 gold pieces.

Inventory:

Hand Weapons
 a - a +0 mace (weapon)
Armour
 b - a +0 leather armour
 j - a +0 helmet (worn)
 l - a +0 ring mail (worn)
Scrolls
 c - 3 scrolls of noise {unknown}
 e - a scroll of fog {unknown}
 f - a scroll of identify {unknown}
 g - 2 scrolls of teleportation {unknown}
 k - 2 scrolls of blinking {unknown}
 m - a scroll of remove curse {unknown}
Potions
 h - 2 potions of lignification {unknown}
 i - a potion of berserk rage {unknown}
 n - a potion of curing {unknown}
Comestibles
 d - 4 rations
 o - 4 chunks of flesh


   Skills:
 + Level 4.6 Fighting
 + Level 1.0 Short Blades
 + Level 1.0 Long Blades
 + Level 1.0 Axes
 + Level 4.6 Maces & Flails
 + Level 1.0 Polearms
 + Level 1.0 Staves
 + Level 1.0 Slings
 + Level 1.0 Bows
 + Level 1.0 Crossbows
 + Level 1.0 Throwing
 + Level 2.7 Armour
 + Level 4.6 Dodging
 + Level 1.0 Stealth
 + Level 1.0 Shields
 + Level 1.0 Unarmed Combat
 + Level 5.0 Spellcasting
 + Level 0.8 Conjurations
 + Level 0.8 Hexes
 + Level 5.4 Charms
 + Level 0.8 Summonings
 + Level 0.8 Necromancy
 + Level 0.8 Translocations
 + Level 0.8 Transmutations
 + Level 0.8 Fire Magic
 + Level 0.8 Ice Magic
 + Level 0.8 Air Magic
 + Level 0.8 Earth Magic
 + Level 0.8 Poison Magic
 + Level 1.1 Invocations
 + Level 1.0 Evocations


You had 12 spell levels left.
You knew the following spells:

 Your Spells              Type           Power        Failure   Level  Hunger
a - Infusion              Chrm           ###.         3%          1    None


Dungeon Overview and Level Annotations

Branches:
Dungeon (3/15)

Altars:
Qazlal

Annotations:
D:3 grom234's ghost, amateur TrMo


Innate Abilities, Weirdness & Mutations

Your experience applies equally to all skills.
You have very sharp teeth.
Your uncanny sense of smell can sniff out nearby items.


Message History

Confirm with . or Enter, or press ? or * to list all spells.
You begin infusing your attacks with magical energy.
The giant cockroach closely misses you.
The giant cockroach bites you but does no damage.
You are too injured to fight recklessly!
You are too injured to fight recklessly!
You are too injured to fight recklessly!
You are too injured to fight recklessly!
You are too injured to fight recklessly!
You are too injured to fight recklessly!
You sock the giant cockroach!
You kill the giant cockroach!
You hit grom234's ghost.
Grom234's ghost is lightly damaged.
Grom234's ghost hits you!
* * * LOW HITPOINT WARNING * * *
You hit grom234's ghost.
Grom234's ghost is moderately damaged.
Grom234's ghost hits you!
You die...

#.... ##.#. #...∆ #.%#
#..# #..#####.# ##+##
#........# ##...##
#W##########.....#
#@##.## ##.......
.######.#...####........
............(..'........
.#######....####.......(
#.#.## ##....... #.###
##.....# #.# ##...## #.#
##'## #.# #<#


You could see grom234's ghost.

Vanquished Creatures
  2 adders (D:2)
  2 oozes
  2 dart slugs (D:1)
  2 leopard geckos (D:1)
  6 bats
  3 giant cockroaches
  A hobgoblin (D:1)
  5 jackals (D:1)
  A kobold (D:1)
  A quokka (D:2)
  A ball python (D:3)
  3 frilled lizards
  2 goblins
  4 rats
35 creatures vanquished.

Notes
Turn   | Place    | Note
-------+----------+-------------------------------------------
     0 | D:1      | Kairos the Gnoll Skald began the quest for the Orb.
     0 | D:1      | Reached XP level 1. HP: 20/20 MP: 6/6
    47 | D:1      | Reached XP level 2. HP: 18/26 MP: 2/7
   283 | D:1      | Reached XP level 3. HP: 31/31 MP: 3/9
   539 | D:1      | Reached skill level 5 in Spellcasting
   931 | D:2      | Reached skill level 1 in Invocations
  1113 | D:2      | Found a stormy altar of Qazlal.
  1191 | D:2      | Reached skill level 1 in Short Blades
  1191 | D:2      | Reached skill level 1 in Long Blades
  1191 | D:2      | Reached skill level 1 in Axes
  1191 | D:2      | Reached skill level 1 in Polearms
  1191 | D:2      | Reached skill level 1 in Staves
  1191 | D:2      | Reached skill level 1 in Slings
  1191 | D:2      | Reached skill level 1 in Bows
  1191 | D:2      | Reached skill level 1 in Crossbows
  1191 | D:2      | Reached skill level 1 in Throwing
  1191 | D:2      | Reached skill level 1 in Stealth
  1191 | D:2      | Reached skill level 1 in Shields
  1191 | D:2      | Reached skill level 1 in Unarmed Combat
  1191 | D:2      | Reached skill level 1 in Evocations
  1191 | D:2      | Reached XP level 4. HP: 31/38 MP: 8/11
  1648 | D:3      | Noticed grom234's ghost (amateur TrMo)
  1662 | D:3      | HP: 1/38 [grom234's ghost (11)]
  1663 | D:3      | Mangled by grom234's ghost

Vault maps used:
D:1:      minmay_arrival_five_plusses
D:2:      grunt_qazlal_sundering
D:3:      overflow_temple_1_default, uniq_crazy_yiuf_cottage

Skill      XL: |  1  2  3 |
---------------+----------+-----
Spellcasting   | 5 |  5.0
Invocations    | 1 |  1.1
Short Blades   | 1 |  1.0
Long Blades    | 1 |  1.0
Axes           | 1 |  1.0
Polearms       | 1 |  1.0
Staves         | 1 |  1.0
Slings         | 1 |  1.0
Bows           | 1 |  1.0
Crossbows      | 1 |  1.0
Throwing       | 1 |  1.0
Stealth        | 1 |  1.0
Shields        | 1 |  1.0
Unarmed Combat | 1 |  1.0
Evocations     | 1 |  1.0
Fighting       | |  4.6
Maces & Flails | |  4.6
Armour         | |  2.7
Dodging        | |  4.6
Conjurations   | |  0.8
Hexes          | |  0.8
Charms         | |  5.4
Summonings     | |  0.8
Necromancy     | |  0.8
Translocations | |  0.8
Transmutations | |  0.8
Fire Magic     | |  0.8
Ice Magic      | |  0.8
Air Magic      | |  0.8
Earth Magic    | |  0.8
Poison Magic   | |  0.8

Action                   |  1- 3 |  4- 6 || total
-------------------------+-------+-------++-------
Melee: Mace              |    64 |    19 ||    83
       Bite              |     5 |     2 ||     7
 Cast: Infusion          |    10 |     1 ||    11
 Stab: Sleeping          |     3 |       ||     3
  Eat: Chunk             |       |     2 ||     2
Armor: Leather armour    |    18 |       ||    18
       Ring mail         |     2 |    10 ||    12
Dodge: Dodged            |    42 |    20 ||    62

Table legend:
 A = Spawn XP
 B = Non-spawn XP
 C = Spawn XP percentage of total XP
 D = Spawn monster count
 E = Non-spawn monster count
 F = Spawn count percentage of total count
 G = Total turns spent on level
                    A         B        C        D         E        F      G
               +---------+---------+-------+---------+---------+-------+---------
         Total |       0 |      97 |   0.0 |       0 |      35 |   0.0 |  1663
               +---------+---------+-------+---------+---------+-------+---------
           D:1 |       0 |      46 |   0.0 |       0 |      19 |   0.0 |   805
           D:2 |       0 |      42 |   0.0 |       0 |      10 |   0.0 |   726
           D:3 |       0 |       9 |   0.0 |       0 |       6 |   0.0 |   132
               +---------+---------+-------+---------+---------+-------+---------
